 Dungeon Crawl Stone Soup version 0.28.0 (webtiles) character file.

Game seed: 5635309963942360506

5 croobank the Ducker (level 1, 0/10 HPs)
             Began as a Vine Stalker Wanderer on Feb 5, 2022.
             Slain by an adder (1 damage)
             ... on level 2 of the Dungeon.
             The game lasted 00:02:26 (352 turns).

croobank the Ducker (Vine Stalker Wanderer)          Turns: 352, Time: 00:02:26

Health: 0/10       AC:  4    Str: 15    XL:     1   Next: 80%
Magic:  0/4        EV: 13    Int:  9    God:
Gold:   18         SH:  0    Dex: 15    Spells: 3/4 levels left

rFire   . . .      SeeInvis .   a - +0 hand axe
rCold   . . .      Faith    .   (no shield)
rNeg    . . .      Spirit   +   c - +0 leather armour
rPois   .          Reflect  .   (no helmet)
rElec   .          Harm     .   (no cloak)
rCorr   .          Rampage  .   b - +0 pair of gloves
Will    .....                   (no boots)
Stlth   +.........              (no amulet)
HPRegen 0.03/turn               (no ring)
MPRegen 0.09/turn               (no ring)

@: no status effects
A: fangs 2, magic shield, antimagic bite, no potion heal 2
a: no special abilities


You were on level 2 of the Dungeon.
You visited 1 branch of the dungeon, and saw 2 of its levels.

You collected 18 gold pieces.

Inventory:

Hand Weapons
 a - a +0 hand axe (weapon)
Missiles
 d - 19 stones
Armour
 b - a +0 pair of gloves (worn)
 c - a +0 leather armour (worn)


   Skills:
 + Level 1.0 Fighting
 + Level 1.0 Axes
 + Level 1.0 Armour
 + Level 3.4 Dodging
 + Level 2.3 Spellcasting


You had 3 spell levels left.
You knew the following spells:

 Your Spells              Type           Power      Damage    Failure   Level
a - Magic Dart            Conj           4%         1d3       38%         1

Your spell library contained the following spells:

 Spells                   Type           Power      Damage    Failure   Level
 Wereblood                Tmut           1%         N/A       52%         2
 Call Canine Familiar     Summ           1%         N/A       77%         3
 Ignite Poison            Fire/Tmut/Pois 1%         N/A       77%         3


Dungeon Overview and Level Annotations

Branches:
Dungeon (2/15)

Altars:


Innate Abilities, Weirdness & Mutations

You have extremely sharp teeth.
When hurt, damage is shared between your health and your magic reserves.
Your bite disrupts and absorbs the magic of your enemies.
Potions cannot restore your health.


Message History

The kobold hits you with a +2 short sword of protection.
Casting: Magic Dart (safe; 38% risk of failure)
Confirm with . or Enter, or press ? or * to list all spells.
Aiming: Magic Dart (safe; 38% risk of failure)
Press: ? - help, Shift-Dir - straight line, f/p - kobold
Aim: a kobold, wielding a +2 short sword of protection (heavily wounded, 100% to hit)
The magic dart hits the kobold but does no damage.
The kobold is heavily wounded.
The kobold closely misses you.
You hit the kobold but do no damage.
The kobold is heavily wounded.
The kobold closely misses you.
You hit the kobold but do no damage. You bite the kobold. You drain its power.
You feel invigorated.
The kobold is severely wounded.
The kobold hits you with a +2 short sword of protection.
The kobold closely misses you.
You barely miss the kobold.
The kobold is severely wounded.
The kobold misses you.
You closely miss the kobold.
The kobold is heavily wounded.
The kobold hits you with a +2 short sword of protection.
* * * LOW HITPOINT WARNING * * *
There is a stone staircase leading down here.
The kobold closely misses you.
You climb downwards.
The hobgoblin shouts!
The frilled lizard hisses angrily.
The adder hisses angrily.
The frilled lizard hisses angrily.
Your magical contamination has completely faded away.
Found a scroll labelled AMMONA ULOTZ.
There is a stone staircase leading up here.
The hobgoblin closely misses you.
A ball python comes into view.
The kobold hits you with a +2 short sword of protection.
* * * LOW HITPOINT WARNING * * *
The frilled lizard unfolds its giant frill.
The ball python closely misses you. The ball python barely misses you.
The adder bites you.
You die...

## .. .# ...
.##.... ..
###.....# #..
##.@...# #..#
#.SS#.##
#≈.#### #..## #
###.....####lK#
.
..≈.....l..l..#
. #........g###
.####.........#
..#..........##
.............#


You could see an adder, a hobgoblin, a ball python, a kobold and 2 frilled
lizards.

Vanquished Creatures
  A quokka (D:1)
  A ball python (D:1)
  2 bats (D:1)
  2 frilled lizards (D:1)
  A rat (D:1)
7 creatures vanquished.

Notes
Turn   | Place    | Note
-------+----------+-------------------------------------------
     0 | D:1      | croobank the Vine Stalker Wanderer began the quest for the
                  | Orb.
     0 | D:1      | croobank set off with the following items: a +0 hand axe, a
                  | +0 pair of gloves, a +0 leather armour; and the following
                  | spell memorised: Magic Dart; and the following spells
                  | available to memorise: Wereblood, Call Canine Familiar,
                  | Ignite Poison
     0 | D:1      | Reached XP level 1. HP: 10/10 MP: 4/4
   352 | D:2      | Slain by an adder

Illustrated notes

Levels and vault maps discovered:
D:1:      co_arrival_square_in_a_square_in_a_square, layout_loops_ring,
          minmay_statues_item, minmay_misc_feat_secret_circle
D:2:      layout_rooms, dreamdust_ecumenical_altar_drowned_temple, basic_altar

Action                   || total
-------------------------++-------
Melee: Hand axe          ||    14
       Bite              ||     1
 Cast: Magic Dart        ||    12
Armor: Leather armour    ||     1
Dodge: Dodged            ||    17
